 Dungeon Crawl Stone Soup version 0.31.0-11-ge490571c62 (webtiles) character file.

Game seed: 13194590988811303303

378697 browni3141 the Warrior (level 21, -5/189 HPs)
             Began as a Demonspawn Hunter on Jan 31, 2024.
             Was an Initiate of Gozag.
             Collided with some lava (10 damage)
             ... after being knocked back by a rakshasa
             ... on level 4 of the Depths.
             The game lasted 02:19:21 (56107 turns).

browni3141 the Warrior (Demonspawn Hunter)         Turns: 56107, Time: 02:19:21

Health: -5/189     AC:  8    Str:  9    XL:     21   Next: 85%
Magic:  37/37      EV: 24    Int: 17    God:    Gozag
Gold:   5351       SH: 13    Dex: 22    Spells: 35/44 levels left

rFire   + + .        t - +9 hand cannon (drain)
rCold   + + .        I - +2 buckler {rC+ rF+}
rNeg    + + +        A - +3 robe of Kuot {rElec Regen+}
rPois   +            k - +1 helmet {SInv}
rElec   +            (cloak unavailable)
rCorr   +            P - +0 pair of gloves of Fetysebbe {rPois rN+++ Str-3 Dex+4}
SInv    +            q - +2 pair of boots
Will    ++...        j - amulet of reflection
Stlth   +++          y - +4 ring of protection
HPRegen 1.31/turn    v - ring of willpower
MPRegen 0.25/turn

%: reflection
@: resistant, corroded, studying Armour
A: rugged brown scales 3, powered by death 2, black mark, demonic magic 1,
bedeviling, weakness stinger 3, clumsy 1
}: 2/15 runes: barnacled, gossamer
a: Renounce Religion, Potion Petition, Call Merchant, Bribe Branch


You were on level 4 of the Depths.
You worshipped Gozag.
Gozag was greatly pleased with you.
You visited 8 branches of the dungeon, and saw 38 of its levels.
You visited the Abyss 1 time.
You also visited: Bailey and Ice Cave.

You collected 18456 gold pieces.
You spent 1120 gold pieces at shops.
You paid 11985 gold pieces to Gozag.

Inventory:

Hand Weapons
 b - a +0 triple crossbow of freezing
 t - a +9 hand cannon of draining (weapon)
 w - the +8 rapier "Vico Tup" {flame, rElec Int+2}
   (You found it on level 6 of the Dungeon)

   Int+2:     It affects your intelligence (+2).
   rElec:     It insulates you from electricity.
Missiles
 a - a throwing net
 V - 11 curare-tipped darts
Armour
 k - a +1 helmet of see invisible (worn)
 l - the +5 scale mail of Beogh's Supremacy {Will- Dex+4}
   (You found it on level 2 of the Dungeon)

   Dex+4:     It affects your dexterity (+4).
   Will-:     It decreases your willpower.
 q - a +2 pair of boots (worn)
 A - the +3 robe of Kuot (worn) {rElec Regen+}
   (You found it on level 1 of the Shoals)

   rElec:     It insulates you from electricity.
   Regen+:    It increases your rate of health regeneration.
 I - a +2 buckler of resistance (worn)
 P - the +0 pair of gloves of Fetysebbe (worn) {rPois rN+++ Str-3 Dex+4}
   (You found it in a bailey)

   Str-3:     It affects your strength (-3).
   Dex+4:     It affects your dexterity (+4).
   rPois:     It protects you from poison rN+++: It renders you almost immune to
   negative energy.
Jewellery
 j - an amulet of reflection (around neck)
 v - a ring of willpower (right hand)
 x - a ring of protection from cold
 y - a +4 ring of protection (left hand)
 B - a ring of flight
 Y - a ring of protection from fire
Wands
 i - a wand of mindburst (32)
 o - a wand of digging (10)
 C - a wand of paralysis (18)
 U - a wand of iceblast (9)
Scrolls
 d - 2 scrolls of brand weapon
 e - 9 scrolls of amnesia
 g - 7 scrolls of blinking
 n - 2 scrolls of silence
 r - 9 scrolls of identify
 u - 3 scrolls of poison
 F - 5 scrolls of revelation
 H - 5 scrolls of torment
 M - 3 scrolls of teleportation
 N - 2 scrolls of fear
 T - 4 scrolls of fog
 X - 3 scrolls of vulnerability
 Z - 4 scrolls of immolation
Potions
 f - 6 potions of brilliance
 h - 3 potions of attraction
 m - 10 potions of curing
 p - 14 potions of mutation
 s - 5 potions of ambrosia
 D - 4 potions of magic
 E - 5 potions of berserk rage
 G - a potion of cancellation
 J - 4 potions of lignification
 K - 10 potions of might
 L - 8 potions of haste
 O - a potion of invisibility {unknown}
 Q - a potion of resistance {unknown}
 W - 3 potions of heal wounds
Miscellaneous
 c - a phantom mirror
 z - a sack of spiders
 R - a phial of floods
 S - a tin of tremorstones (1/2)


   Skills:
 - Level 18.0 Fighting
 - Level 18.0 Ranged Weapons
 - Level 10.0 Armour
 - Level 16.0 Dodging
 - Level 5.0 Stealth
 - Level 6.0 Shields
 * Level 12.3 Spellcasting
 * Level 14.4 Conjurations
 * Level 13.3 Air Magic
 - Level 8.0 Evocations


You had 35 spell levels left.
You knew the following spells:

 Your Spells              Type           Power      Damage    Failure   Level
a - Chain Lightning       Conj/Air       27%        3d36      100%        9

Your spell library contained the following spells:

 Spells                   Type           Power      Damage    Failure   Level
 Kiss of Death            Conj/Necr      100%       2d13      1%          1
 Magic Dart               Conj           100%       1d8       1%          1
 Momentum Strike          Conj/Tloc      70%        3d9       1%          2
 Searing Ray              Conj           100%       2d8       1%          2
 Static Discharge         Conj/Air       100%       3-8/arc   1%          2
 Dazzling Flash           Conj/Hex       100%       N/A       1%          3
 Hailstorm                Conj/Ice       35%        3d8       1%          3
 Mephitic Cloud           Conj/Alch/Air  42%        N/A       1%          3
 Stone Arrow              Conj/Erth      70%        3d11      1%          3
 Airstrike                Air            27%        2d(4-20)  1%          4
 Brom's Barrelling Bould  Conj/Erth      35%        2d5       4%          4
 Flame Wave               Conj/Fire      35%        2d10      4%          4
 Fulminant Prism          Conj/Alch      17%        3d10      4%          4
 Summon Lightning Spire   Summ/Air       33%        N/A       6%          4
 Sandblast                Erth           20%        2d7       10%         1
 Slow                     Hex            60%        N/A       10%         1
 Blink                    Tloc           20%        N/A       14%         2
 Ensorcelled Hibernation  Hex/Ice        30%        N/A       14%         2
 Lesser Beckoning         Tloc           20%        N/A       14%         2
 Scorch                   Fire           20%        2d5       14%         2
 Fireball                 Conj/Fire      17%        3d9       14%         5
 Silence                  Hex/Air        24%        N/A       17%         5
 Confusing Touch          Hex            15%        N/A       28%         3
 Frozen Ramparts          Ice            20%        1d4       28%         3
 Gell's Gravitas          Tloc           10%        N/A       28%         3
 Passwall                 Erth           10%        N/A       28%         3
 Sigil of Binding         Hex            15%        N/A       28%         3
 Summon Ice Beast         Ice/Summ       10%        N/A       28%         3
 Vampiric Draining        Necr           10%        2d6       28%         3
 Bombard                  Conj/Erth      17%        9d4       58%         6
 Anguish                  Hex/Necr       7%         N/A       67%         4
 Cause Fear               Hex            7%         N/A       67%         4
 Dispel Undead            Necr           10%        3d9       67%         4
 Leda's Liquefaction      Alch/Erth      5%         N/A       67%         4
 Petrify                  Alch/Erth      10%        N/A       67%         4
 Alistair's Intoxication  Alch           6%         N/A       95%         5
 Borgnjor's Vile Clutch   Necr/Erth      5%         N/A       95%         5
 Curse of Agony           Necr           10%        N/A       95%         5
 Lee's Rapid Deconstruct  Erth           5%         3d6*      95%         5
 Metabolic Englaciation   Hex/Ice        7%         N/A       95%         5
 Summon Forest            Summ/Tloc      5%         N/A       95%         5
 Summon Mana Viper        Hex/Summ       15%        N/A       95%         5
 Maxwell's Capacitive Co  Air            27%        ∞         95%         8
 Eringya's Noxious Bog    Alch           5%         4d6       100%        6
 Sculpt Simulacrum        Ice/Alch       5%         N/A       100%        6
 Summon Cactus Giant      Summ           5%         N/A       100%        6
 Enfeeble                 Hex            7%         N/A       100%        7
 Ozocubu's Refrigeration  Ice            5%         4d8       100%        7
 Dragon's Call            Summ           5%         N/A       100%        9
 Polar Vortex             Ice            5%         N/A       100%        9


Dungeon Overview and Level Annotations

Branches:
Dungeon (15/15)            Temple (1/1) D:7            Lair (5/5) D:11
 Shoals (4/4) Lair:3       Spider (4/4) Lair:3        Slime (0/5) Lair:5
    Orc (2/2) D:9             Elf (3/3) Orc:2        Vaults (0/5) D:14
 Depths (4/4) D:15            Zot (0/5) Depths:4     Bailey (visited)
  IceCv (visited)

Altars:
Ashenzari
Cheibriados
Dithmenos
Fedhas
Gozag
Hepliaklqana
Kikubaaqudgha
Makhleb
Nemelex Xobeh
Okawaru
Qazlal
Ru
Sif Muna
Trog
Uskayaw
Vehumet
Wu Jian
Xom
Yredelemnul

Shops:
D:2 [   D:12 [   D:15 :   Orc:1 [   Orc:2 [([(   Shoals:2 =   Depths:1 ::==

Portals:
Hell: Depths:1 Depths:2 Depths:3
Abyss: Depths:1 Depths:3
Pandemonium: Depths:2
Ziggurat: Depths:3

Annotations:
Spider:2 2 transporters, exclusion: orange crystal statue, Arachne; Lotaimix's ghost, adept HOFi
Depths:1 1 runed translucent door, xzight's ghost, legendary MiBe


Innate Abilities, Weirdness & Mutations

You are completely covered in rugged brown scales. (AC +3, +7% HP)
You regenerate health from kills.
Your melee attacks may debilitate your foes.
Spells you cast may paralyse adjacent enemies.
Your hexes are more powerful.
You have a sharp stinger which inflicts weakening toxins.
You are clumsy. (Dex -2)


Message History

You block the death drake's attack.
The rime drake is engulfed in dark miasma.
The rime drake looks even sicker.
The rakshasa hits you but does no damage.
You block the death drake's attack.
The rime drake is engulfed in dark miasma.
The rime drake looks as sick as possible!
As you read the scroll of fog, it dissolves into smoke.
You are engulfed in dark miasma.
You are more poisoned.
You feel extremely sick.
The rime drake disappears in a puff of smoke!
The death drake barely misses you.
The rakshasa hits you from afar with a +0 trident!
You block the death drake's attack. The rakshasa closely misses you.
You feel extremely sick.
The death drake attacks as it pursues you!
The death drake completely misses you. The rakshasa attacks as it pursues you!
You block the rakshasa's attack. The death drake barely misses you.
You shoot a bolt. The bolt barely misses the death drake.
The bolt closely misses the rakshasa.
You feel very sick.
You hear an angry hiss.
You block the death drake's attack. The rakshasa misses you.
The death drake breathes miasma at you. The foul vapour engulfs you!
You are more poisoned.
You block the rakshasa's attack.
You feel better. The death drake completely misses you.
The rakshasa weaves an illusion.
The white draconian stormcaller shimmers and seems to become two!
The death drake barely misses you.
The white draconian stormcaller mumbles some strange prayers to Qazlal against you.
Qazlal smites you! [a] - 260 gold - heal wounds and berserk rage [b] - 352 gold - heal wounds, curing and magic [c] - 286 gold - curing and magic Purchase which effect?
You feel much better.
You feel better. Magic courses through your body.
The death drake breathes miasma at you. The foul vapour misses you.
You block the rakshasa's attack. You block the death drake's attack.
The rakshasa misses you.
You shoot a bolt.
The bolt closely misses the death drake.
The bolt closely misses the rakshasa.
The bolt closely misses the white draconian stormcaller.
You block the death drake's attack.
The white draconian stormcaller mumbles some strange prayers to Qazlal.
The rakshasa misses you. The death drake closely misses you.
You block the rakshasa's attack.
You shoot a bolt. The bolt hits the death drake.
The death drake is moderately wounded.
The death drake closely misses you.
The white draconian stormcaller calls down the wrath of Qazlal upon you.
Qazlal smites you! The death drake closely misses you.
The rakshasa closely misses you.
The white draconian stormcaller mumbles some strange prayers to Qazlal against you.
Qazlal smites you!
You shoot a bolt.
The bolt closely misses the death drake.
The bolt hits the rakshasa.
The rakshasa is heavily wounded.
The death drake breathes miasma at you. The foul vapour engulfs you!
The rakshasa misses you. The death drake misses you.
The white draconian stormcaller mumbles some strange prayers to Qazlal.
The rakshasa weaves an illusion.
You shoot a bolt.
The bolt completely misses the death drake.
The bolt hits the rakshasa but does no damage.
The rakshasa is heavily wounded.
The death drake disappears in a puff of smoke!
The white draconian stormcaller invokes the aid of Qazlal against you.
The blast of magma engulfs you!! You partially resist.
The rakshasa weaves an illusion. [a] - 432 gold - resistance and invisibility [b] - 232 gold - heal wounds and curing [c] - 456 gold - resistance, enlightenment and might Purchase which effect?
You feel much better.
You feel better. You block the rakshasa's attack. x2
Aiming: Iceblast
Press: ? - help, Shift-Dir - straight line, f - rakshasa
Aim: a rakshasa, wielding a +0 trident and wearing a +0 robe (purple smoke, heavily wounded)
The mass of ice explodes!
The iceblast engulfs the rakshasa!!
The rakshasa is almost dead.
The iceblast engulfs the white draconian stormcaller!!
The white draconian stormcaller partially resists.
The white draconian stormcaller is severely wounded.
The iceblast engulfs the white draconian stormcaller!!
The white draconian stormcaller partially resists.
The white draconian stormcaller is severely wounded.
You feel yourself speed up.
The white draconian stormcaller invokes the aid of Qazlal against you.
The blast of magma engulfs you!! You partially resist.
The rakshasa gestures at you. The lance of force hits you!!
You are knocked back by the lance of force.
You violently stop moving!
You die...
Your body crumbles into a pile of gold.

.......##..## #.# #..
+.. ........##..## #.#
### .........##..# #.#
..⌠.......##.###.#
....k......#..##.#
.§.........##..#.####.#
#######...k.##§§§§....#
......###..q.##§§####.#
#####...###.).##@#
#........###kR#≈#
#.##...#...##$#R# #
###.###...§qq#
....###..### ####
##.#.....## ....
#.#.##### #### #.# #
#.# ##


You could see 2 draconians and a rakshasa.

Vanquished Creatures
  A juggernaut (Depths:2)
  3 golden dragons
  2 bone dragons
  A hellephant (Abyss:3)
  A tentacled monstrosity (Depths:2)
  A walking crystal tome (Depths:4)
  2 liches
  A walking divine tome (Depths:3)
  A quicksilver dragon (Depths:3)
  3 deep elf blademasters
  3 deep elf master archers (Elf:3)
  Polyphemus (Shoals:2)
  9 tentacled starspawn (Abyss:3)
  Donald (Shoals:3)
  2 shadow dragons
  A tengu reaver (D:14)
  Ilsuiw (Shoals:2)
  2 revenants (Depths:3)
  2 iron dragons
  7 fire giants
  3 frost giants
  An emperor scorpion (Spider:4)
  Louise (D:15)
  A draconian knight (Depths:4)
  4 deep elf sorcerers
  A balrug (Abyss:3)
  2 caustic shrike zombies (Depths:3)
  4 deep elf elementalists
  A cacodemon (Depths:2)
  2 orc warlords (Orc:2)
  2 juggernaut zombies
  8 ghost moths
  A caustic shrike skeleton (Depths:3)
  A draconian annihilator (Depths:4)
  6 very ugly things
  10 stone giants
  3 deep elf demonologists (Elf:3)
  5 vampire knights
  A black draconian (Depths:4)
  A deep elf death mage (Elf:3)
  A purple draconian (Depths:4)
  A dire elephant (Lair:5)
  2 deep elf annihilators (Elf:3)
  A red draconian (Depths:4)
  9 spark wasps
  A green death (Abyss:3)
  4 ettins
  4 merfolk javelineers
  7 fire dragons
  5 jiangshi
  2 blizzard demons
  An entropy weaver (shapeshifter) (Spider:3)
  5 deep elf high priests (Elf:3)
  3 merfolk impalers
  5 entropy weavers
  Josephine (D:15)
  4 rakshasas
  8 ice dragons
  A hell beast (Depths:3)
  A great orb of eyes (Abyss:3)
  5 vault guards (D:14)
  9 hydras
  5 spriggan air magi
  5 jorogumos
  Erica (Lair:2)
  8 boulder beetles
  A radroach (Spider:3)
  A sphinx zombie (Depths:3)
  2 alligator snapping turtles (Shoals:2)
  4 catoblepae
  3 merfolk avatars (Shoals:4)
  3 centaur warriors
  9 merfolk aquamancers
  A sphinx skeleton (Depths:3)
  A satyr (Shoals:4)
  32 dancing weapons
  A tengu warrior (Depths:2)
  8 deep troll shamans
  9 death yaks
  14 deep troll earth magi
  4 two-headed ogres
  6 demonic crawlers
  4 hell hogs
  6 spriggan berserkers
  A titan zombie (Depths:3)
  4 occultists
  4 thrashing horrors (Abyss:3)
  4 spriggans
  A soul eater (Depths:2)
  Sonja (Lair:1)
  6 hell knights
  19 deep elf knights
  A titan skeleton (Depths:3)
  6 skysharks
  8 iron trolls
  A spectral spark wasp (Depths:3)
  7 pharaoh ants
  A storm dragon skeleton (Depths:3)
  25 deep trolls
  A golden dragon zombie (Depths:3)
  10 sea snakes
  2 spark wasp zombies
  A quicksilver dragon simulacrum (Depths:3)
  8 flayed ghosts
  A shadow demon (Abyss:3)
  An orange crystal statue (IceCv)
  A phantasmal warrior (Abyss:3)
  14 deep elf archers
  5 glowing orange brains
  A sun moth (Spider:2)
  11 orb spiders
  3 orc knights
  23 deep elf zephyrmancers
  A lindwurm (shapeshifter) (D:15)
  8 large abominations (Abyss:3)
  5 steelbarb worms
  9 harpies
  33 deep elf pyromancers
  5 wolf spider zombies (Spider:1)
  A frost giant zombie (Depths:3)
  2 spectral wolf spiders (Spider:1)
  3 orc sorcerers
  6 cyclopes
  2 fire giant zombies
  19 wolf spiders
  4 necromancers
  19 manticores
  5 ugly things
  5 moths of wrath
  A tengu skeleton (Depths:3)
  12 fauns
  12 elephants
  2 meliai
  10 merfolk sirens
  An apocalypse crab (Abyss:3)
  4 black mambas
  10 water nymphs
  6 kobold blastminers (Orc:2)
  5 torpor snails
  A gargoyle (Bailey)
  5 smoke demons
  An orange demon (Orc:1)
  19 cane toads
  2 unseen horrors
  5 rime drakes
  4 freezing wraiths
  2 hellions (Abyss:3)
  An anaconda simulacrum (Abyss:3)
  4 tengu conjurers
  9 komodo dragons
  A yaktaur (D:15)
  A tormentor (Depths:2)
  A harpy zombie (Abyss:2)
  A golden dragon simulacrum (IceCv)
  5 ancient zymes
  5 trolls
  20 merfolk
  A troll (shapeshifter) (Elf:1)
  3 polar bears
  11 hornets
  A polar bear (shapeshifter) (D:14)
  6 wolf spider simulacra (Spider:1)
  The ghost of jestert79 the Ruffian, an amateur DrWr (D:4)
  3 wind drakes
  Prince Ribbit (D:8)
  29 tarantellas
  14 blink frogs
  6 raiju
  22 dream sheep
  A spriggan zombie (Depths:1)
  18 jumping spiders
  8 snapping turtles
  A culicivora (shapeshifter) (D:15)
  17 water elementals
  14 slime creatures
  8 air elementals
  20 culicivoras
  2 vampires
  3 dire elephant simulacra (IceCv)
  7 wraiths
  3 ynoxinuls (Abyss:3)
  A wyvern (shapeshifter) (D:15)
  Eustachio (D:5)
  7 wyverns
  58 yaks
  4 fire elementals
  5 basilisks
  5 wargs
  36 redbacks
  A neqoxec (Abyss:3)
  A fire bat (Orc:1)
  5 vampire mosquitoes
  7 humans (D:14)
  4 chaos spawn (Abyss:3)
  Menkaure (D:4)
  8 small abominations
  A steam dragon (D:10)
  A naga (shapeshifter) (D:13)
  2 spatial vortices (Abyss:3)
  Edmund (D:6)
  3 acid dragons
  2 harpy simulacra (IceCv)
  A hydra simulacrum (IceCv)
  15 water moccasins
  31 orc warriors
  6 hell hounds
  A swamp drake (D:9)
  4 black bears
  An ice beast (D:6)
  A glowing shapeshifter skeleton (Depths:1)
  An ettin simulacrum (IceCv)
  3 sky beasts
  4 laughing skulls
  11 ogres
  24 wolves
  13 centaurs
  A wolf (shapeshifter) (D:15)
  2 phantoms
  2 kobold brigands
  A weeping skull (Abyss:3)
  3 scorpions
  Blork the orc (D:5)
  A gnoll sergeant (D:4)
  8 earth elementals
  A brain worm (Abyss:3)
  13 bullfrogs
  8 wights (D:8)
  4 killer bees (D:9)
  9 vampire bats (Bailey)
  6 wolf zombies (Bailey)
  4 electric eels
  9 howler monkeys
  A lava snake (D:9)
  A hound (D:5)
  An iron imp (Abyss:3)
  A bombardier beetle (D:5)
  A jelly (D:4)
  A gnoll bouda (Lair:3)
  21 orc priests
  2 sleepcaps (D:6)
  13 starcursed masses (Abyss:3)
  3 iguanas
  29 orc wizards
  7 hell rats
  9 gnolls
  5 adders
  3 white imps
  An ufetubus (Abyss:3)
  2 dart slugs
  2 ribbon worms
  91 orcs
  8 endoplasms
  5 giant cockroaches
  8 goblins
  7 hobgoblins
  6 jackals
  2 quokkas
  4 ball pythons
  5 bats
  A frilled lizard (D:1)
  15 kobolds
  14 orc zombies (Bailey)
  5 rats (D:1)
  A lurking horror (Abyss:3)
  9 starspawn tentacles (Abyss:3)
1586 creatures vanquished.

Vanquished Creatures (collateral kills)
  A deep elf sorcerer (Elf:3)
  A broodmother (Spider:1)
  A stone giant (Depths:2)
  A deep elf death mage (Elf:3)
  A spriggan air mage (Depths:2)
  A centaur warrior (D:15)
  A pharaoh ant (Spider:3)
  An orb spider (Spider:4)
  A steelbarb worm (Spider:4)
  3 redbacks
  2 centaurs (D:15)
  An orc priest (D:15)
15 creatures vanquished.

Vanquished Creatures (others)
  A tengu reaver (Depths:3)
  An ice dragon (Depths:3)
  A jorogumo (Spider:4)
  An occultist (Depths:4)
  2 deep elf knights
  A deep elf pyromancer (Elf:3)
  A manticore (Shoals:1)
  A spriggan (Depths:3)
  A culicivora (Spider:4)
  A redback (Spider:4)
  A quasit (Abyss:3)
  An orc wizard (D:5)
  16 starspawn tentacles (Abyss:3)
29 creatures vanquished.

Grand Total: 1630 creatures vanquished

Notes
Turn   | Place    | Note
-------+----------+-------------------------------------------
     0 | D:1      | browni3141 the Demonspawn Hunter began the quest for the
                  | Orb.
     0 | D:1      | Reached XP level 1. HP: 16/16 MP: 1/1
    83 | D:1      | Reached skill level 1 in Stealth
   156 | D:1      | Gained mutation: You regenerate a little health from kills.
                  | [demonic ancestry]
   156 | D:1      | Reached XP level 2. HP: 22/22 MP: 2/2
   511 | D:1      | Gained mutation: You have a small tail. [demonic ancestry]
   511 | D:1      | Reached XP level 3. HP: 28/28 MP: 3/3
   934 | D:2      | Found Tyatsuil's Antique Armour Shop.
  1171 | D:2      | Found a faded altar of an unknown god.
  1245 | D:2      | Reached XP level 4. HP: 34/34 MP: 4/4
  1298 | D:2      | HP: 1/35 [poisoned by an adder]
  1804 | D:2      | Identified the +5 scale mail of Beogh's Supremacy {Will-
                  | Dex+4}
  2387 | D:3      | Found a shadowy altar of Dithmenos.
  2461 | D:3      | Found an opulent altar of Gozag.
  2916 | D:4      | Noticed Menkaure
  2987 | D:4      | Killed Menkaure
  2988 | D:4      | Reached skill level 5 in Ranged Weapons
  2988 | D:4      | Gained mutation: Spells you cast may paralyse adjacent
                  | enemies. [demonic ancestry]
  2988 | D:4      | Reached XP level 5. HP: 28/41 MP: 5/5
  3040 | D:4      | Reached XP level 6. HP: 47/47 MP: 6/6
  3305 | D:4      | Found a runed translucent door.
  3305 | D:4      | Noticed jestert79's ghost (amateur DrWr)
  3410 | D:4      | Found a stormy altar of Qazlal.
  3454 | D:4      | Found an ancient bone altar of Kikubaaqudgha.
  3520 | D:3      | Became a worshipper of Gozag Ym Sagoz the Greedy
  3566 | D:5      | Entered Level 5 of the Dungeon
  3574 | D:5      | Noticed a water moccasin
  3592 | D:5      | Killed a water moccasin
  3593 | D:5      | Reached XP level 7. HP: 39/52 MP: 7/7
  3898 | D:5      | Noticed Blork the orc
  3936 | D:5      | Killed Blork the orc
  4101 | D:5      | Gained mutation: You are partially covered in rugged brown
                  | scales. (AC +1, +3% HP) [demonic ancestry]
  4101 | D:5      | Reached XP level 8. HP: 51/59 MP: 8/8
  4101 | D:5      | Noticed Eustachio
  4133 | D:5      | Killed Eustachio
  4242 | D:5      | Reached skill level 5 in Armour
  5310 | D:6      | Found a sacrificial altar of Ru.
  5406 | D:6      | Identified the +8 rapier "Vico Tup" {flame, rElec Int+2}
  5433 | D:6      | Noticed Edmund
  5453 | D:6      | Killed Edmund
  5494 | D:6      | Found a shimmering altar of Xom.
  5523 | D:6      | Found a broken altar of Ashenzari.
  5645 | D:6      | Gained mutation: You have a tail ending in a sharp stinger.
                  | [demonic ancestry]
  5645 | D:6      | Reached XP level 9. HP: 56/64 MP: 9/9
  5679 | D:6      | Reached skill level 5 in Dodging
  6846 | D:7      | Reached skill level 5 in Stealth
  7139 | D:7      | Found a staircase to the Ecumenical Temple.
  7350 | Temple   | Entered the Ecumenical Temple
  7560 | D:8      | Reached skill level 10 in Ranged Weapons
  7560 | D:8      | Reached XP level 10. HP: 27/72 MP: 10/10
  8535 | D:9      | Noticed Prince Ribbit
  8539 | D:9      | Noticed a two-headed ogre
  8560 | D:8      | Killed Prince Ribbit
  8716 | D:9      | Noticed a purple ugly thing
  8724 | D:9      | Killed a purple ugly thing
  8819 | D:9      | Reached skill level 1 in Evocations
  9012 | D:9      | Found a sparkling altar of Nemelex Xobeh.
  9086 | D:9      | Killed a two-headed ogre
  9242 | D:9      | Gained mutation: You are mostly covered in rugged brown
                  | scales. (AC +2, +5% HP) [demonic ancestry]
  9242 | D:9      | Reached XP level 11. HP: 72/78 MP: 11/11
  9527 | D:9      | Found a hide-covered altar of Uskayaw.
  9788 | D:9      | Found a staircase to the Orcish Mines.
  9893 | D:10     | Entered Level 10 of the Dungeon
  9956 | D:10     | Found a radiant altar of Vehumet.
  9989 | D:10     | Found a flagged portal.
 10012 | Bailey   | Entered a bailey
 10129 | Bailey   | HP: 1/78 [gargoyle/stone arrow (13)]
 10659 | Bailey   | Identified the +0 pair of gloves of Fetysebbe {rPois rN+++
                  | Str-3 Dex+4}
 11909 | D:11     | Noticed a two-headed ogre
 11920 | D:11     | Killed a two-headed ogre
 12066 | D:11     | Found a staircase to the Lair.
 12145 | D:11     | Noticed a death yak
 12146 | D:11     | Noticed a deep elf pyromancer
 12256 | D:11     | You fall into a shaft and drop 2 floors!
 12471 | D:12     | Noticed a boulder beetle
 12528 | D:12     | Noticed a boulder beetle
 12660 | D:11     | Identified the +1 robe "Ruvo" {+Blink Dex-3 Slay+2}
 12853 | D:10     | Killed a death yak
 12991 | D:11     | Killed a deep elf pyromancer
 13164 | D:11     | Reached XP level 12. HP: 67/85 MP: 12/12
 13477 | Lair:1   | Entered Level 1 of the Lair of Beasts
 13568 | Lair:1   | Noticed Sonja
 13584 | Lair:1   | Reached skill level 10 in Dodging
 13593 | Lair:1   | Killed Sonja
 14811 | Lair:2   | Reached skill level 5 in Fighting
 15103 | Lair:2   | Noticed a six-headed hydra
 15110 | Lair:2   | Killed a six-headed hydra
 15159 | Lair:2   | Noticed Erica
 15439 | Lair:2   | Killed Erica
 15440 | Lair:2   | Reached XP level 13. HP: 74/97 MP: 13/13
 16215 | Lair:3   | Found a staircase to the Shoals.
 16283 | Lair:3   | Found a hole to the Spider Nest.
 16348 | Lair:3   | Reached skill level 15 in Ranged Weapons
 18356 | Lair:5   | Entered Level 5 of the Lair of Beasts
 18961 | Lair:4   | HP: 4/102 [hell rat (9)]
 18962 | Lair:4   | HP: 1/102 [hell rat (3)]
 19315 | Lair:5   | Reached XP level 14. HP: 89/110 MP: 14/14
 19392 | Lair:5   | Found a staircase to the Slime Pits.
 21314 | Lair:5   | Found a staircase to the Slime Pits.
 22018 | Lair:5   | Reached skill level 10 in Armour
 22967 | Orc:1    | Entered Level 1 of the Orcish Mines
 23094 | Orc:1    | Found Vicoyn's Armour Emporium.
 23226 | Orc:2    | Entered Level 2 of the Orcish Mines
 23762 | Orc:2    | Found a staircase to the Elven Halls.
 23923 | Orc:2    | Found Junaen's Antique Weapon Shoppe.
 24297 | Orc:2    | Found Cysh's Armour Shop.
 24382 | Orc:2    | Noticed an orc warlord
 24428 | Orc:2    | Killed an orc warlord
 24535 | Orc:2    | Found Lonot's Antique Armour Shoppe.
 24541 | Orc:2    | Found Itheosua's Antique Weapon Emporium.
 24644 | Orc:1    | Noticed an orc warlord
 24808 | Orc:2    | Found Cysh's Armour Shop.
 24876 | Orc:2    | Found a staircase to the Elven Halls.
 25106 | Orc:2    | Found Junaen's Antique Weapon Shoppe.
 25196 | Orc:2    | Found Itheosua's Antique Weapon Emporium.
 25200 | Orc:2    | Found Lonot's Antique Armour Shoppe.
 25417 | Orc:2    | Killed an orc warlord
 25506 | Orc:1    | Found a shimmering altar of Xom.
 26551 | D:12     | Reached skill level 5 in Evocations
 26730 | D:12     | Found Kaurumoe's Antique Armour Boutique.
 26865 | D:12     | Reached XP level 15. HP: 117/120 MP: 15/15
 26980 | D:12     | Reached skill level 10 in Fighting
 27960 | D:14     | Found a bloodstained altar of Trog.
 28067 | D:14     | Noticed a tengu reaver
 28080 | D:14     | Killed a tengu reaver
 28668 | D:14     | Found a gate to the Vaults.
 29056 | D:15     | Entered Level 15 of the Dungeon
 29476 | D:15     | Found Neycokk's Book Emporium.
 29641 | D:15     | Noticed Louise
 29735 | D:15     | Found a staircase to the Depths.
 29969 | D:15     | Noticed Josephine
 29991 | D:15     | Killed Josephine
 30491 | D:15     | Identified a scroll of acquirement
 30492 | D:15     | Acquired the +2 orcbow of Anger {heavy, rCorr}
 30724 | D:15     | Killed Louise
 31469 | Shoals:1 | Entered Level 1 of the Shoals
 31494 | Shoals:1 | Identified the +3 robe of Kuot {rElec Regen+}
 33029 | Shoals:2 | Found Biet's Jewellery Emporium.
 33168 | Shoals:2 | Gained mutation: You have a sharp stinger which inflicts
                  | weakening toxins. [demonic ancestry]
 33168 | Shoals:2 | Reached XP level 16. HP: 135/135 MP: 16/16
 33515 | Shoals:2 | Noticed Ilsuiw
 33531 | Shoals:2 | Killed Ilsuiw
 34047 | Shoals:2 | Found Biet's Jewellery Emporium.
 35076 | Shoals:3 | Noticed Polyphemus
 35094 | Shoals:2 | Killed Polyphemus
 35526 | Shoals:3 | Noticed Donald
 35530 | Shoals:3 | Killed Donald
 35812 | Shoals:4 | Entered Level 4 of the Shoals
 35833 | Shoals:4 | Found a glacial archway.
 35846 | Shoals:4 | Identified the +2 barding of Divine Intervention {Dex+7}
 35851 | IceCv    | Entered an ice cave
 35909 | IceCv    | Found a transporter.
 35958 | IceCv    | Found a transporter.
 36573 | Shoals:4 | Reached skill level 15 in Fighting
 36947 | Shoals:4 | Got the Atlas of Ill-starred Fumes
 37115 | Shoals:4 | Gained mutation: You are completely covered in rugged brown
                  | scales. (AC +3, +7% HP) [demonic ancestry]
 37115 | Shoals:4 | Reached XP level 17. HP: 142/151 MP: 17/17
 37170 | Shoals:4 | Reached skill level 15 in Dodging
 37259 | Shoals:4 | Got a barnacled rune of Zot
 37458 | Spider:1 | Entered Level 1 of the Spider Nest
 37969 | Spider:1 | Reached skill level 1 in Shields
 39131 | Spider:2 | Found a transporter.
 39197 | Spider:2 | Noticed Lotaimix's ghost (adept HOFi)
 39200 | Spider:2 | Noticed Arachne
 39243 | Spider:2 | Found a transporter.
 40094 | Spider:2 | Got Geacsod's Quotidian Mysticism
 40411 | D:4      | Killed jestert79's ghost
 41761 | Spider:4 | Entered Level 4 of the Spider Nest
 41910 | Spider:3 | Reached XP level 18. HP: 151/164 MP: 18/18
 42429 | Spider:4 | Reached skill level 5 in Shields
 43328 | Elf:1    | Entered Level 1 of the Elven Halls
 43339 | Elf:1    | Learned a level 9 spell: Chain Lightning
 43495 | Elf:1    | Paralysed by an air elemental for 1 turns
 43871 | Elf:1    | Paralysed by an air elemental for 1 turns
 44297 | Elf:1    | Found a huge runed translucent gate.
 44308 | Elf:1    | Found a huge runed translucent gate.
 44309 | Elf:1    | Found a huge runed translucent gate.
 44309 | Elf:1    | Found a huge runed translucent gate.
 44310 | Elf:1    | Found a huge runed translucent gate.
 44311 | Elf:1    | Found a huge runed translucent gate.
 44311 | Elf:1    | Found a huge runed translucent gate.
 44311 | Elf:1    | Found a huge runed translucent gate.
 44311 | Elf:1    | Found a huge runed translucent gate.
 44313 | Elf:1    | Found a huge runed translucent gate.
 44313 | Elf:1    | Found a huge runed translucent gate.
 44313 | Elf:1    | Found a huge runed translucent gate.
 44313 | Elf:1    | Found a huge runed translucent gate.
 44313 | Elf:1    | Found a huge runed translucent gate.
 44313 | Elf:1    | Found a huge runed translucent gate.
 44313 | Elf:1    | Found a huge runed translucent gate.
 44313 | Elf:1    | Found a huge runed translucent gate.
 44375 | Elf:1    | Paralysed by an air elemental for 1 turns
 44462 | Elf:1    | Found a huge runed translucent gate.
 44462 | Elf:1    | Found a huge runed translucent gate.
 44462 | Elf:1    | Found a huge runed translucent gate.
 44967 | Elf:2    | Reached skill level 1 in Conjurations
 44973 | Elf:1    | Reached skill level 1 in Air Magic
 45594 | Elf:2    | Found a runed translucent gate.
 45595 | Elf:2    | Found a runed translucent gate.
 45595 | Elf:2    | Found a runed translucent gate.
 45739 | Elf:3    | Entered Level 3 of the Elven Halls
 45739 | Elf:3    | Found a radiant altar of Vehumet.
 45867 | Elf:3    | Paralysed by an air elemental for 1 turns
 45984 | Elf:3    | Paralysed by an air elemental for 1 turns
 46264 | Elf:3    | Paralysed by an air elemental for 1 turns
 46304 | Elf:3    | Found a runed translucent door.
 46544 | Elf:3    | Found Puzatallo's Distillery.
 46553 | Elf:3    | Reached skill level 5 in Conjurations
 46553 | Elf:3    | Gained mutation: You regenerate health from kills. [demonic
                  | ancestry]
 46553 | Elf:3    | Reached XP level 19. HP: 156/174 MP: 19/19
 46753 | Elf:3    | Reached skill level 5 in Air Magic
 47019 | Elf:3    | Identified the +1 ring mail of the Fuzzy Were-rabbit {+Inv
                  | rPois}
 47173 | Elf:3    | Identified the ring of Terra Nullius {Fly rPois MP+9 Str-5}
 47192 | Elf:3    | Noticed a Tzitzimitl
 47265 | Elf:3    | Identified the +5 whip of Midnight {speed, rC+ Will+ Int-2}
 47308 | Elf:3    | Identified the +1 glaive of Kyxtanez {flame, rC+ Will+
                  | rCorr}
 48819 | Spider:4 | Identified the +1 hat of Dishonesty {Int+2}
 48825 | Spider:4 | Got a gossamer rune of Zot
 49870 | Depths:1 | Entered Level 1 of the Depths
 50083 | Depths:1 | Found Pitulah's Self-Improvement Boutique.
 50088 | Depths:1 | Reached skill level 10 in Conjurations
 50275 | Depths:1 | Found Jusideq's Jewellery Emporium.
 50279 | Depths:1 | Gained mutation: Your hexes are more powerful. [demonic
                  | ancestry]
 50279 | Depths:1 | Reached XP level 20. HP: 181/181 MP: 20/20
 50289 | Depths:1 | Found a gateway to Hell.
 50468 | Depths:1 | Found a one-way gate to the infinite horrors of the Abyss.
 50480 | Depths:1 | Found Nasaas's Book Shop.
 50481 | Depths:1 | Found Noableyl's Jewellery Emporium.
 50563 | Depths:1 | Found a runed translucent door.
 50564 | Depths:1 | Noticed xzight's ghost (legendary MiBe)
 50775 | Depths:1 | Bought a manual of Spellcasting for 1120 gold pieces
 50912 | Abyss:2  | Cast into level 2 of the Abyss (an occultist)
 51037 | Abyss:3  | Reached skill level 1 in Spellcasting
 51049 | Abyss:3  | Found a corrupted altar of Lugonu.
 51167 | Abyss:3  | Reached skill level 10 in Air Magic
 51216 | Abyss:3  | Found a corrupted altar of Lugonu.
 51375 | Abyss:3  | Found a corrupted altar of Lugonu.
 51387 | Abyss:3  | Found a corrupted altar of Lugonu.
 51517 | Abyss:3  | Paralysed by accursed screaming for 1 turns
 51576 | Abyss:3  | Noticed a bone dragon
 51591 | Abyss:3  | Killed a bone dragon
 51592 | Abyss:3  | Reached skill level 5 in Spellcasting
 51700 | Abyss:3  | Gained mutation: You are clumsy. (Dex -2) [a neqoxec]
 51725 | Depths:2 | Escaped the Abyss
 52262 | Depths:2 | Noticed a golden dragon
 52280 | Depths:2 | Killed a golden dragon
 52353 | Depths:2 | Noticed a juggernaut
 52366 | Depths:2 | Killed a juggernaut
 52454 | Depths:2 | Noticed a golden dragon
 52462 | Depths:2 | Killed a golden dragon
 52815 | Depths:2 | Gained mutation: Your melee attacks may debilitate your
                  | foes. [demonic ancestry]
 52815 | Depths:2 | Reached XP level 21. HP: 108/189 MP: 34/34
 53187 | Depths:2 | Found a one-way gate leading to the halls of Pandemonium.
 53468 | Depths:2 | You fall into a shaft and drop 2 floors!
 53468 | Depths:4 | Entered Level 4 of the Depths
 53545 | Depths:4 | Reached skill level 10 in Spellcasting
 54020 | Depths:3 | Found a one-way gateway to a ziggurat.
 54731 | Depths:3 | Identified the +5 ring mail "Imyllupluag" {rF- Will++}
 55484 | Depths:4 | Acquired 329 gold pieces
 55681 | Depths:4 | Noticed a golden dragon
 55699 | Depths:4 | Killed a golden dragon
 55921 | Depths:4 | Found a gate to the Realm of Zot.
 56107 | Depths:4 | HP: 5/189 [rakshasa/lance of force (28)]
 56107 | Depths:4 | Collided with some lava

Illustrated notes

Levels and vault maps discovered:
D:1:      nagdon_arrival_double_spiral, layout_basic
D:2:      layout_basic, shapermc_ecumenical_altar_mp_vishouse, serial_shops,
          nicolae_shop_tiny_glass, minivault_25
D:3:      layout_loops_corners, mainiacjoe_overflow_surrounded_room,
          mainiacjoe_overflow_chevrons
D:4:      layout_rooms, mainiacjoe_overflow_brackets,
          mainiacjoe_overflow_alcove_2, tso_oasis_becter, gammafunk_ghost_grave,
          due_unseen_surprise, uniq_menkaure
D:5:      layout_rooms, nicolae_zen_rock_garden, uniq_eustachio,
          uniq_blork_the_orc
D:6:      layout_basic, lemuel_doored_altar, mainiacjoe_overflow_two_lobes,
          uniq_edmund
D:7:      layout_loops_corners, minmay_temple_entry_junction, minmay_microvault
D:8:      layout_basic, kennysheep_nondescript, st_stairs_2
D:9:      layout_loops_ring, amcnicky_altar_gilded,
          nicolae_elyvilon_temple_path, old_standard_altar, erik_orc_1,
          minmay_gold_behind_fungi, minmay_misc_feat_more_columns,
          kennysheep_potato, uniq_prince_ribbit1
D:10:     layout_roguey, fiery_altar_vehumet, enter_bailey_3,
          nicolae_water_bricks
D:11:     layout_basic, david_lair_generic
D:12:     layout_irregular_city, serial_shops, nicolae_diamond_shop
D:13:     layout_loops_ring
D:14:     layout_loops_cross, ximxim_vaults_locker_room, bloody_trog,
          minmay_checkered_concentric_circles
D:15:     grunt_enter_depths_hoard, layout_stronghold, serial_bayou_pond_b,
          serial_shops, nicolae_shop_hallway_plus, uniq_josephine, uniq_louise
Temple:   hellmonk_temple_rainy
Lair:1:   layout_loops_ring, uniq_sonja
Lair:2:   layout_chaotic_city, hangedman_lair_unloving_vines, minmay_hedge_maze,
          nicolae_lair_run_with_the_wolves, lemuel_fruit_tree, uniq_erica
Lair:3:   layout_small_grid, minmay_shoals_entry_centaurs, dummy_spider_entry,
          st_stairs_8, dreamdust_gnoll_shepherd, lemuel_fruit_fields,
          grunt_megastairs_5
Lair:4:   layout_misc_corridors, st_stairs_9, grunt_megastairs_1
Lair:5:   hangedman_lair_in_review, layout_regular_city, slime_entry_1
Shoals:1: layout_shoals
Shoals:2: layout_shoals, serial_shops, nicolae_shop_window_shopping,
          nicolae_shoals_the_drawing_of_the_three, uniq_ilsuiw
Shoals:3: layout_shoals, uniq_polyphemus, uniq_donald
Shoals:4: shoals_end_simple, layout_shoals, portal_ice_cave_entry_pillars_three,
          nicolae_shoals_water_shrine
Spider:1: layout_cave_pods, nicolae_spider_undead_wolf_pack
Spider:2: layout_spider_delve, nzn_ghost_randoct, nicolae_spider_circle_web,
          spiders_nest_hornet_nest
Spider:3: layout_spider_delve, hellmonk_deceptive_appearances
Spider:4: grunt_spider_rune_island
Orc:1:    layout_diamond_mine, serial_shops, nicolae_lakefront_shop,
          regret_index_xom_of_box
Orc:2:    grunt_orc_community_town_hall, layout_caves,
          grunt_orc_community_big_house_1, grunt_orc_community_big_house_2,
          grunt_orc_community_house_1, grunt_orc_community_house_2,
          grunt_orc_community_house_1, grunt_orc_community_house_3,
          grunt_orc_community_house_2
Elf:1:    layout_onion_city, hangedman_elf_represent
Elf:2:    elven_hall_of_blades_hangedman_original [nicolae_blade_tridents],
          layout_geoelf_grid
Elf:3:    minmay_elf_hall_not_hex, layout_gridlike, basic_altar, serial_shops,
          nicolae_diamond_shop, minivault_13
Depths:1: layout_cross, hangedman_coc_ice_floe, hangedman_abyss_entry_splay,
          muffindrake_ghost_three_little_ghosts, hangedman_decor_push,
          nicolae_shop_self_help, minmay_shop_grove
Depths:2: minmay_the_grid_four_pointed_star_mashed
          [minmay_the_grid_triangle_9x9_wacky_v,
          minmay_the_grid_triangle_9x9_steps,
          minmay_the_grid_triangle_9x9_dagger,
          minmay_the_grid_triangle_9x9_swiss_cheese,
          minmay_the_grid_prize_big_room], layout_honeycomb,
          grunt_pan_entry_spiral, nicolae_twisting_strands, hell_entry,
          infiniplex_staircase_pool_2
Depths:3: hangedman_screamer, layout_cave_pools, enter_ziggurat_c,
          nrook_campfire, abyss_entry, grunt_mini_vestibule,
          infiniplex_staircase_split_hallway
Depths:4: grunt_zot_entry_bicorn, layout_basic, enter_trove_2,
          pf_hell_entry_great_geh, nicolae_abyss_entry_one_way_or_another,
          rand_demon_pan_entry_4, grunt_dithmenos_smoke_and_mirrors,
          serial_shops, nicolae_shop_tiny_real_fake_doors

Skill      XL: |  1  2  3  4  5  6  7  8  9 10 11 12 13 14 15 16 17 18 19 20 21 |
---------------+----------------------------------------------------------------+-----
Stealth        | 1 3 5 |  5.0
Dodging        | 2 3 4 6 7 9 10 11 12 13 14 15 16 | 16.0
Ranged Weapons | 4 5 6 8 10 11 13 14 15 16 17 18 | 18.0
Fighting       | 3 5 8 9 12 15 17 18 | 18.0
Armour         | 2 3 4 5 6 8 10 | 10.0
Evocations     | 3 5 7 8 |  8.0
Shields        | 4 6 |  6.0
Conjurations   | 5 10 12 14 | 14.4
Air Magic      | 4 9 11 13 | 13.3
Spellcasting   | 9 12 | 12.3

Action                     |  1- 3 |  4- 6 |  7- 9 | 10-12 | 13-15 | 16-18 | 19-21 || total
---------------------------+-------+-------+-------+-------+-------+-------+-------++-------
  Melee: Shortbow          |       |     4 |     1 |       |       |       |       ||     5
         Unarmed           |       |     1 |       |       |       |       |       ||     1
         Dagger            |       |     2 |   237 |   152 |    56 |       |       ||   447
         Tailslap          |       |       |    54 |    39 |    91 |     1 |       ||   185
         Punch             |       |       |     2 |     4 |     8 |       |       ||    14
         Short sword       |       |       |       |       |   209 |       |       ||   209
         Rapier            |       |       |       |       |       |    17 |       ||    17
   Fire: Shortbow          |   141 |   147 |   248 |    14 |       |       |       ||   550
         Orcbow            |       |       |       |  1005 |  1839 |    26 |       ||  2870
         Triple crossbow   |       |       |       |       |    51 |    65 |       ||   116
         Hand cannon       |       |       |       |       |       |  1675 |  1865 ||  3540
  Throw: Dart              |       |       |       |       |     3 |       |       ||     3
 Invoke: Potion Petition   |       |       |       |       |     4 |    12 |    10 ||    26
  Evoke: Wand              |       |       |       |     9 |    10 |     6 |     8 ||    33
         Phial of floods   |       |       |       |       |     2 |     1 |     2 ||     5
         Tin of tremorston |       |       |       |       |     2 |     8 |     6 ||    16
         Phantom mirror    |       |       |       |       |     1 |     3 |     2 ||     6
         Sack of spiders   |       |       |       |       |       |     3 |     3 ||     6
    Use: Potion            |       |     3 |       |     3 |       |     2 |     3 ||    11
         Scroll            |       |       |     5 |     8 |    13 |    13 |    14 ||    53
   Stab: Paralysed         |       |       |       |     5 |    11 |       |       ||    16
         Confused          |       |       |       |     1 |       |       |       ||     1
         Sleeping          |       |       |       |     1 |       |       |       ||     1
         Petrified         |       |       |       |       |    37 |       |       ||    37
         Petrifying        |       |       |       |       |     2 |       |       ||     2
         Invisible         |       |       |       |       |     3 |     1 |       ||     4
         Distracted        |       |       |       |       |     1 |       |       ||     1
 Armour: Leather armour    |    45 |     9 |       |    18 |       |       |       ||    72
         Scale mail        |       |    68 |   257 |   598 |   801 |       |       ||  1724
         Robe              |       |       |       |       |    63 |   767 |   810 ||  1640
         Skin              |       |       |       |       |     9 |       |       ||     9
  Dodge: Dodged            |    52 |    34 |   180 |   502 |   967 |  1201 |   921 ||  3857
  Block: Other             |     8 |    11 |    66 |   169 |   260 |     5 |       ||   519
         Reflection        |       |     1 |     2 |     3 |    26 |    53 |    29 ||   114
         Buckler           |       |       |       |       |       |   879 |   826 ||  1705
